 Dungeon Sprint DCSS version 0.30-a0-331-g8ab09dc110 (webtiles) character file.

Game seed: 16391485987382977955

1829 howech the Unseen (level 8, -16/39 HPs)
             Began as a Spriggan Enchanter on Oct 29, 2022.
             Was a Follower of Uskayaw.
             Demolished by an earth elemental (26 damage)
             ... in the Dungeon (Sprint III: "The Ten Rune Challenge").
             The game lasted 00:07:38 (460 turns).

howech the Unseen (Spriggan Enchanter)               Turns: 460, Time: 00:07:39

Health: -16/39     AC:  2    Str:  4    XL:     8   Next: 86%
Magic:  21/21      EV: 20    Int: 18    God:    Uskayaw [*.....]
Gold:   34         SH:  0    Dex: 16    Spells: 13/24 levels left

rFire   . . .      SeeInvis +    a - +1 dagger
rCold   . . .      Faith    .    (no shield)
rNeg    . . .      Spirit   .    b - +0 robe
rPois   .          Reflect  .    (helmet restricted)
rElec   .          Harm     .    (no cloak)
rCorr   .          Rampage  .    (gloves unavailable)
Will    +....      NoTele   +    (boots unavailable)
Stlth   ++++++++..               (no amulet)
HPRegen 0.26/turn                (no ring)
MPRegen 0.17/turn                (no ring)

@: hasted, very quick
A: very small, no large weapons, unfitting armour, see invisible, speed 3
a: Renounce Religion, Stomp


You were in the Dungeon.
You worshipped Uskayaw.
Uskayaw was noncommittal.
You visited 1 branch You collected 34 gold pieces.

Inventory:

Hand Weapons
 a - a +1 dagger (weapon)
 i - a +4 scimitar of flaming
 k - a +0 dagger
Armour
 b - a +0 robe (worn)
Scrolls
 j - a scroll of butterflies {unknown}
 m - a scroll of immolation {unknown}
 n - a scroll of identify {unknown}
 p - a scroll of torment {unknown}
 q - a scroll of enchant armour {unknown}
Potions
 c - 3 potions of invisibility
 g - 2 potions of magic
 l - 4 potions of mutation {unknown}
 o - 2 potions of flight {unknown}
 r - a potion of might
Miscellaneous
 h - a phial of floods


   Skills:
 + Level 2.1 Fighting
 + Level 7.3 Short Blades
 + Level 6.6 Dodging
 + Level 20.3 Stealth
 + Level 8.9 Spellcasting
 + Level 12.2 Hexes


You had 13 spell levels left.
You knew the following spells:

 Your Spells              Type           Power      Damage    Failure   Level
a - Ensorcelled Hibernat  Hex/Ice        60%        N/A       1%          2
b - Confusing Touch       Hex            51%        N/A       1%          3
c - Dazzling Flash        Conj/Hex       60%        N/A       2%          3
d - Tukima's Dance        Hex            51%        N/A       1%          3

Your spell library contained the following spells:

 Spells                   Type           Power      Damage    Failure   Level
 Cigotuvi's Dreadful Rot  Necr/Pois/Air  16%        N/A       14%         2
 Spider Form              Tmut/Pois      8%         N/A       26%         3
 Summon Lightning Spire   Summ/Air       8%         N/A       65%         4


Dungeon Overview and Level Annotations

Branches:
Dungeon (1/1)

Altars:
Cheibriados
Dithmenos
Elyvilon
Fedhas
Gozag
Hepliaklqana
Kikubaaqudgha
Makhleb
Nemelex Xobeh
Okawaru
Qazlal
Ru
Sif Muna
Trog
Uskayaw
Vehumet
Wu Jian
Xom
Yredelemnul
Zin
The Shining One
Jiyva
Lugonu


Innate Abilities, Weirdness & Mutations

You are very small and have problems with some larger weapons.
You are too small for most types of armour.
You have supernaturally acute eyesight. (SInv)
You cover ground extremely quickly. (Speed+++)


Message History

You hit the earth elemental but do no damage.
The earth elemental is moderately damaged.
The earth elemental closely misses you.
You hit the earth elemental but do no damage.
The earth elemental is moderately damaged.
You hit the earth elemental but do no damage.
The earth elemental is moderately damaged.
The earth elemental misses you.
You hit the earth elemental but do no damage.
The earth elemental is moderately damaged.
You barely miss the earth elemental.
The earth elemental is moderately damaged.
You hit the earth elemental but do no damage.
The earth elemental is moderately damaged.
The earth elemental misses you.
You hit the earth elemental.
The earth elemental is moderately damaged.
You barely miss the earth elemental.
The earth elemental is moderately damaged.
The earth elemental misses you.
You hit the earth elemental but do no damage.
The earth elemental is moderately damaged.
You hit the earth elemental but do no damage.
The earth elemental is moderately damaged.
The earth elemental closely misses you.
You hit the earth elemental.
The earth elemental is moderately damaged.
You barely miss the earth elemental.
The earth elemental is moderately damaged.
You hit the earth elemental but do no damage.
The earth elemental is moderately damaged.
The earth elemental hits you!!
Ouch! That really hurt!
* * * LOW HITPOINT WARNING * * *
You hit the earth elemental but do no damage.
The earth elemental is moderately damaged.
You feel yourself speed up.
You feel better. The earth elemental hits you!!
Ouch! That really hurt!
You die...

###########
___#___#__#
)..#__)#†_#
##'#'###'##
..........#
.⌠........#
...######'#
.⌠.#__#...#+#########
...#__#...#.§~§§@.#.+
'###__#...#.#§§§#E#.#
.))#__#...'.#§§§#.#.#
___#__'...#.#.§§#...#
▓▓▓▓▓▓▓▓▓▓▓▓▓▓▓▓▓▓▓▓▓


You could see an earth elemental.

Vanquished Creatures
  Erica (D)
  A deep elf pyromancer (D)
  A shadow (D)
  A spatial vortex (D)
  A water elemental (D)
  A necrophage (D)
  A jelly (D)
  A wizard (D)
  A necromancer (D)
  3 humans (D)
  A kobold demonologist (D)
  A wolf (D)
  2 endoplasms (D)
  2 rats (D)
18 creatures vanquished.

Notes
Turn   | Place    | Note
-------+----------+-------------------------------------------
     0 | D        | howech the Spriggan Enchanter began the quest for the Orb.
     0 | D        | Reached XP level 1. HP: 9/9 MP: 5/5
    12 | D        | Reached skill level 5 in Stealth
    58 | D        | Noticed a wolf
    61 | D        | Killed a wolf
    62 | D        | Reached skill level 6 in Stealth
    62 | D        | Reached skill level 5 in Hexes
    62 | D        | Reached XP level 2. HP: 13/13 MP: 5/7
    69 | D        | Learned a level 2 spell: Ensorcelled Hibernation
    79 | D        | Reached skill level 7 in Stealth
    79 | D        | Reached XP level 3. HP: 13/16 MP: 5/9
   106 | D        | Noticed a water elemental
   114 | D        | Killed a water elemental
   115 | D        | Reached skill level 9 in Stealth
   115 | D        | Reached XP level 4. HP: 21/21 MP: 8/11
   132 | D        | Found a glowing silver altar of Zin.
   133 | D        | Found a glowing golden altar of the Shining One.
   133 | D        | Found a white marble altar of Elyvilon.
   133 | D        | Noticed a deep elf pyromancer
   135 | D        | Killed a deep elf pyromancer
   136 | D        | Reached skill level 1 in Fighting
   136 | D        | Reached skill level 5 in Short Blades
   136 | D        | Reached skill level 5 in Dodging
   136 | D        | Reached skill level 15 in Stealth
   136 | D        | Reached skill level 10 in Hexes
   136 | D        | Reached XP level 5. HP: 25/25 MP: 11/15
   136 | D        | Reached XP level 6. HP: 30/30 MP: 12/17
   146 | D        | Found a hide-covered altar of Uskayaw.
   146 | D        | Found an iron altar of Okawaru.
   146 | D        | Found a bloodstained altar of Trog.
   146 | D        | Found an ornate altar of the Wu Jian Council.
   146 | D        | Noticed a human
   146 | D        | Noticed a human
   149 | D        | Killed a human
   150 | D        | Reached skill level 16 in Stealth
   150 | D        | Reached XP level 7. HP: 33/33 MP: 15/19
   150 | D        | Killed a human
   178 | D        | Found a basalt altar of Yredelemnul.
   178 | D        | Found a shadowy altar of Dithmenos.
   178 | D        | Found a sacrificial altar of Ru.
   181 | D        | Reached skill level 17 in Stealth
   196 | D        | Found a radiant altar of Vehumet.
   197 | D        | Found a shimmering blue altar of Sif Muna.
   197 | D        | Found an ancient bone altar of Kikubaaqudgha.
   204 | D        | Got the Guidebook on the Cankerous Commander
   216 | D        | Noticed a shadow
   231 | D        | Killed a shadow
   232 | D        | Reached XP level 8. HP: 38/38 MP: 21/21
   282 | D        | Found a blossoming altar of Fedhas.
   282 | D        | Found a stormy altar of Qazlal.
   283 | D        | Found a snail-covered altar of Cheibriados.
   283 | D        | Found a burning altar of Makhleb.
   283 | D        | Found a hazy altar of Hepliaklqana.
   283 | D        | Found a shimmering altar of Xom.
   283 | D        | Found an opulent altar of Gozag.
   283 | D        | Found a sparkling altar of Nemelex Xobeh.
   283 | D        | Found a corrupted altar of Lugonu.
   283 | D        | Found a viscous altar of Jiyva.
   287 | D        | Reached skill level 18 in Stealth
   315 | D        | Became a worshipper of Uskayaw the Reveller
   330 | D        | Noticed Erica
   339 | D        | Killed Erica
   339 | D        | Reached * piety under Uskayaw
   340 | D        | Reached skill level 20 in Stealth
   359 | D        | Learned a level 3 spell: Confusing Touch
   363 | D        | Learned a level 3 spell: Dazzling Flash
   367 | D        | Learned a level 3 spell: Tukima's Dance
   460 | D        | Demolished by an earth elemental

Illustrated notes

Levels and vault maps discovered:
D:        dungeon_sprint_mu [sprint_mu_entry_cave, sprint_mu_temple_rooms,
          sprint_mu_d1_horrors, sprint_mu_d2_genie, sprint_mu_d3_branching,
          sprint_mu_orc_legion, sprint_mu_elf_gauntlet, sprint_mu_hive_nellie,
          sprint_mu_lair_fedhas, sprint_mu_vaults_butterflies,
          sprint_mu_slime_circle, sprint_mu_shoals_kraken,
          sprint_mu_snake_twists, sprint_mu_blade_basic, sprint_mu_crypt_lich,
          sprint_mu_tomb_spiral, sprint_mu_vestibule_basic,
          sprint_mu_gehenna_hellfire, sprint_mu_dis_giant,
          sprint_mu_tartarus_statrot, sprint_mu_cocytus_islands, sprint_mu_zot1]

Skill      XL: |  1  2  3  4  5  6  7  8 |
---------------+-------------------------+-----
Hexes          | 5 7 10 11 12 | 12.2
Stealth        | 6 7 9 15 16 17 20 | 20.3
Spellcasting   | 3 4 7 8 |  8.9
Dodging        | 3 4 5 6 |  6.6
Short Blades   | 2 5 6 7 |  7.3
Fighting       | 1 2 |  2.1

Action                   |  1- 3 |  4- 6 |  7- 9 || total
-------------------------+-------+-------+-------++-------
Melee: Dagger            |    17 |     2 |    94 ||   113
       Punch             |       |       |     1 ||     1
 Cast: Ensorcelled Hiber |     1 |       |       ||     1
       Confusing Touch   |       |       |     2 ||     2
  Use: Potion            |     1 |       |     5 ||     6
       Scroll            |       |       |     1 ||     1
 Stab: Sleeping          |     7 |     2 |     7 ||    16
Armor: Robe              |       |       |     2 ||     2
Dodge: Dodged            |     7 |       |    24 ||    31

Table legend: (Time is in decaauts)
 A = Elapsed time spent in this place.
 B = Non-inter-level travel time spent in this place.
 C = Inter-level travel time spent in this place.
 D = Time resting spent in this place.
 E = Time spent auto-exploring this place.
 F = Levels seen in this place.
 G = Mean time per level.
                   A        B        C        D        E       F      G
               +--------+--------+--------+--------+--------+-----+--------+
         Total |    354 |    354 |      0 |     74 |      0 |   1 |  354.0 |
       Dungeon |    354 |    354 |      0 |     74 |      0 |   1 |  354.0 |
               +--------+--------+--------+--------+--------+-----+--------+

Top non-repeatable levels by time:
       D: 354 daAuts
